 Dungeon Crawl Stone Soup version 0.20-b1-2-gc5a9893 (webtiles) character file.

445 Gorglomux the Slinger (level 7, 0/45 HPs)
             Began as an Octopode Hunter on May 21, 2017.
             Slain by Grinder (11 damage)
             ... on level 4 of the Dungeon.
             The game lasted 00:11:06 (3517 turns).

Gorglomux the Slinger (Octopode Hunter)             Turns: 3517, Time: 00:11:07

Health: 0/45       AC:  1    Str: 11    XL:     7   Next: 3%
Magic:  7/7        EV: 13    Int: 14    God:
Gold:   86         SH:  0    Dex: 14    Spells: 6/6 levels left

rFire    . . .     SeeInvis .   a - +1 hunting sling
rCold    . . .     Gourm    .   (no shield)
rNeg     . . .     Faith    .   (helmet restricted)
rPois    .         Spirit   .   (no amulet)
rElec    .         Reflect  .   (no ring)
rCorr    .         Harm     .   f - ring of flight {+Fly, !d}
MR       .....                  (no ring)
Stlth    +++.......             (no ring)
Regen    0.2/turn               (no ring)
MPRegen  0.1/turn               (no ring)
                                (no ring)
                                (no ring)

@: no status effects
A: almost no armour, stealthy swim, amphibious, 8 rings, constrict 8, camouflage
1, gelatinous body 1
a: Evoke Flight


You were on level 4 of the Dungeon.
You were not hungry.

You visited 1 branch of the dungeon, and saw 4 of its levels.

You collected 86 gold pieces.

Inventory:

Hand Weapons
 a - a +1 hunting sling (weapon)
 b - a +1 dagger of speed
   (You took it off a kobold on level 1 of the Dungeon)
 v - a +0 short sword
Missiles
 c - 7 sling bullets (quivered)
 g - 60 stones
Armour
 l - a +0 shield
   (You found it on level 1 of the Dungeon)
Jewellery
 f - a ring of flight (right tentacle) {+Fly, !d}
   (You found it on level 1 of the Dungeon)
 u - an uncursed ring of fire {rF+, rC-}
   (You found it on level 3 of the Dungeon)
Scrolls
 h - 2 scrolls of enchant weapon {unknown}
 i - 2 scrolls of immolation {!r}
 k - a scroll of noise {unknown}
 n - 2 scrolls of identify {unknown}
 o - a scroll of magic mapping {unknown}
 q - a scroll of blinking {unknown}
 s - 2 scrolls of enchant armour {unknown}
 y - a scroll of amnesia {unknown}
Potions
 e - a potion of flight {unknown}
 j - a potion of curing
 r - a potion of brilliance {unknown}
 w - a potion of ambrosia {unknown}
 z - a potion of heal wounds {unknown}
Comestibles
 d - 2 bread rations {@e1}
 m - a royal jelly
 p - 2 meat rations {@e2}
 t - a fruit
 x - 2 chunks of flesh {@w0}


   Skills:
 - Level 2.0 Fighting
 + Level 8.2 Slings
 - Level 2.0 Dodging
 - Level 1.3 Stealth


You had 6 spell levels left.
You didn't know any spells.

Dungeon Overview and Level Annotations

Branches:
Dungeon (4/15)
 Temple: D:4-7

Altars:
Fedhas
Trog

Annotations:
D:1 Terence
D:4 Grinder


Innate Abilities, Weirdness & Mutations

You cannot wear most types of armour.
You are very stealthy in the water. (Stealth+)
You are amphibious.
You can wear up to eight rings at the same time.
You can use your tentacles to constrict eight enemies at once.
Your skin changes colour to match your surroundings (Stealth+).
Your rubbery body absorbs attacks. (AC +1, EV +1)


Message History

g - 56 stones (gained 1)
You now have 86 gold pieces (gained 5).
g - 60 stones (gained 4)
There is a stone staircase leading down here.
Found a stone staircase leading up.
There is a stone staircase leading up here.
You found a teleport trap!
Eating one of 3 chunks of flesh {@w0}.
You eat one of the 3 chunks of flesh {@w0}.
Grinder comes into view.
Aim: Grinder (resting)
You shoot a sling bullet.
The sling bullet hits Grinder but does no damage.
Grinder shouts!
Grinder drinks a potion.
Grinder suddenly seems more resistant.
Aim: Grinder (unusually resistant)
You shoot a sling bullet.
The sling bullet closely misses Grinder.
Aim: Grinder (unusually resistant)
You shoot a sling bullet.
The sling bullet hits Grinder but does no damage.
Aim: Grinder (unusually resistant)
You shoot a sling bullet. The sling bullet barely misses Grinder.
Aim: Grinder (unusually resistant)
You shoot a sling bullet. The sling bullet barely misses Grinder.
Aim: Grinder (unusually resistant)
You shoot a sling bullet. The sling bullet hits Grinder!
Grinder blinks!
Aim: Grinder (lightly wounded, unusually resistant)
You shoot a sling bullet.
The sling bullet hits Grinder but does no damage.
Grinder hits you.
You writhe in agony.
Aim: Grinder (lightly wounded, unusually resistant)
You shoot a sling bullet.
The sling bullet hits Grinder but does no damage.
Aim: Grinder (lightly wounded, unusually resistant)
You shoot a sling bullet. The sling bullet barely misses Grinder.
Grinder gestures at you.
You struggle to resist.
Unknown command.
Aim: Grinder (lightly wounded, unusually resistant)
You shoot a sling bullet. The sling bullet hits Grinder.
Grinder gestures at you.
You suddenly lose the ability to move!
Grinder blinks!
You can move again.
Aim: Grinder (moderately wounded, unusually resistant)
You shoot a sling bullet. The sling bullet hits Grinder.
Grinder blinks!
Aim: Grinder (moderately wounded, unusually resistant)
You shoot a sling bullet. The sling bullet hits Grinder.
Grinder blinks!
Unknown command.
No target in view!
No target in view!
Unknown command.
No target in view!
Unknown command.
Aim: Grinder (moderately wounded, unusually resistant)
You shoot a sling bullet. The sling bullet hits Grinder.
Grinder gestures at you. You resist with significant effort.
Aim: Grinder (moderately wounded, unusually resistant)
You shoot a sling bullet. The sling bullet hits Grinder!
Aim: Grinder (heavily wounded, unusually resistant)
You shoot a sling bullet.
The sling bullet closely misses Grinder.
Aim: Grinder (heavily wounded, unusually resistant)
You shoot a sling bullet.
The sling bullet closely misses Grinder.
Aim: Grinder (heavily wounded, unusually resistant)
You shoot a sling bullet.
The sling bullet closely misses Grinder.
Grinder gestures at you.
You suddenly lose the ability to move!
Grinder gestures at you. Pain shoots through your body! Grinder hits you!
You writhe in agony.
You can move again.
You are too injured to fight recklessly!
Unknown command.
Aim: Grinder (heavily wounded, unusually resistant)
You shoot a sling bullet. The sling bullet hits Grinder.
Grinder gestures at you.
You struggle to resist.
Aim: Grinder (severely wounded, unusually resistant)
You shoot a sling bullet.
The sling bullet closely misses Grinder.
Aim: Grinder (severely wounded, unusually resistant)
You shoot a sling bullet.
The sling bullet hits Grinder but does no damage.
Grinder closely misses you.
Aim: Grinder (severely wounded, unusually resistant)
You shoot a sling bullet.
The sling bullet closely misses Grinder.
Grinder hits you.
You writhe in agony.
* * * LOW HITPOINT WARNING * * *
Aim: Grinder (severely wounded, unusually resistant)
You shoot a sling bullet.
The sling bullet closely misses Grinder.
Grinder hits you!
You die...

#### ..# ###### ..#
#..... #.# ####..# #(#
####.##.รท#
#######(#######..#.##..#
.(((...@...........##..#
.######5#######..####..#
...(......^.####..#
......(..............
##.##(########.......#
#. #.# ####.###.#.# #
#.# #....# #.>.. #(#
#.##.###.#.#
#.##.....#.#


You could see Grinder.

Vanquished Creatures
  Sigmund (D:3)
  A big kobold (D:3)
  A howler monkey (D:4)
  A worker ant (D:3)
  Robin (D:2)
  4 adders
  2 worms
  2 dart slugs
  5 leopard geckos
  2 orcs (D:3)
  A giant cockroach (D:3)
  17 goblins
  10 hobgoblins
  6 jackals
  A quokka (D:3)
  8 ball pythons (D:3)
  7 bats
  A frilled lizard (D:1)
  9 kobolds
  14 rats
94 creatures vanquished.

Notes
Turn   | Place    | Note
-------+----------+-------------------------------------------
     0 | D:1      | Gorglomux the Octopode Hunter began the quest for the Orb.
     0 | D:1      | Reached XP level 1. HP: 14/14 MP: 1/1
    99 | D:1      | Reached XP level 2. HP: 7/19 MP: 2/2
   561 | D:1      | Reached XP level 3. HP: 24/24 MP: 3/3
   609 | D:1      | Reached skill level 5 in Slings
   913 | D:2      | Noticed a moth of wrath
   916 | D:2      | Found a bloodstained altar of Trog.
  1168 | D:2      | Noticed Terence
  1685 | D:2      | Reached XP level 4. HP: 29/29 MP: 4/4
  1893 | D:2      | Noticed Robin
  1898 | D:2      | Killed Robin
  1986 | D:2      | Found a blossoming altar of Fedhas.
  2078 | D:3      | Noticed Sigmund
  2195 | D:3      | Reached skill level 6 in Slings
  2240 | D:3      | Reached XP level 5. HP: 30/34 MP: 5/5
  2257 | D:3      | HP: 8/34 [adder (2)]
  2596 | D:3      | Noticed a big kobold
  2625 | D:3      | Killed a big kobold
  2828 | D:3      | Reached skill level 7 in Slings
  2828 | D:3      | Reached XP level 6. HP: 27/39 MP: 6/6
  3163 | D:3      | Killed Sigmund
  3163 | D:3      | Reached skill level 8 in Slings
  3164 | D:3      | Gorglomux: !lg * iohu won
  3164 | D:3      | beem: No keyword 'iohu'
  3164 | D:3      | Gorglomux: !lg * ophu won
  3164 | D:3      | beem: 24. sage1234 the Slayer (L27 OpHu of Trog), escaped with the Orb and 3 runes on 2017-03-22 06:53:22, with 1481049 points after 101168 turns and 6:54:48.
  3164 | D:3      | Gorglomux: !log * ophu won
  3164 | D:3      | beem: 24. sage1234, XL27 OpHu, T:101168: http://crawl.berotato.org/crawl/morgue/sage1234/morgue-sage1234-20170322-065322.txt
  3338 | D:3      | Gorglomux: !log * ophu won -2
  3338 | D:3      | beem: 23/24. johnnyzero, XL27 OpHu, T:83517: http://crawl.berotato.org/crawl/morgue/johnnyzero/morgue-johnnyzero-20161207-052128.txt
  3397 | D:4      | Reached XP level 7. HP: 45/45 MP: 7/7
  3489 | D:4      | Noticed Grinder
  3499 | D:4      | Paralysed by Grinder for 3 turns
  3510 | D:4      | Paralysed by Grinder for 2 turns
  3516 | D:4      | HP: 11/45 [Grinder (5)]
  3517 | D:4      | Slain by Grinder

Skill      XL: |  1  2  3  4  5  6 |
---------------+-------------------+-----
Slings         | 5 6 7 8 |  8.2
Fighting       | |  2.0
Dodging        | |  2.0
Stealth        | |  1.3

Action                   |  1- 3 |  4- 6 |  7- 9 || total
-------------------------+-------+-------+-------++-------
Melee: Short sword       |    13 |       |       ||    13
       Constrict         |     6 |     2 |       ||     8
       Tentacles         |     1 |     2 |       ||     3
       Dagger            |     6 |    22 |       ||    28
 Fire: Hunting sling     |   111 |   179 |    33 ||   323
Throw: Stone             |     4 |    11 |       ||    15
  Use: Scroll            |     1 |       |       ||     1
       Potion            |       |     3 |       ||     3
 Stab: Sleeping          |     1 |       |       ||     1
  Eat: Chunk             |     2 |     5 |     1 ||     8
Armor: Skin              |     7 |     9 |     1 ||    17
Dodge: Dodged            |    37 |    32 |    12 ||    81

Vault maps used:
D:1:      mrwooster_arrival_statue_3, serial_bayou_pond_a
D:2:      fedhas_altar_4, tgw_trog, uniq_terence, uniq_robin
D:3:      minmay_shallow_snake_nest, uniq_sigmund
D:4:      nicolae_zen_rock_garden, grunt_ministairs_11, uniq_grinder

Table legend:
 A = Turns spent in this place as a percentage of turns spent in the entire game.
 B = Non-inter-level travel turns spent in this place as a percentage of non-inter-level travel turns spent in the entire game.
 C = Inter-level travel turns spent in this place as a percentage of turns spent in this place.
 D = Turns resting spent in this place as a percentage of non-inter-level travel turns spent in this place.
 E = Turns spent auto-exploring this place as a percentage of non-inter-level travel turns spent in this place.
 F = Non-inter-level travel turns spent in this place divided by the number of levels of this place that you've seen.
                   A       B       C       D       E      F
               +-------+-------+-------+-------+-------+----------------------
         Total | 100.0 | 100.0 |   0.2 |   2.4 |   8.3 | 326.2
       Dungeon | 100.0 | 100.0 |   0.2 |   2.4 |   8.3 | 326.2
               +-------+-------+-------+-------+-------+----------------------

Table legend:
 A = Kills in this place as a percentage of kills in entire the game.
 B = Kills by you in this place as a percentage of kills by you in the entire game.
 C = Kills by friends in this place as a percentage of kills by friends in the entire game.
 D = Other kills in this place as a percentage of other kills in the entire game.
 E = Experience gained in this place as a percentage of experience gained in the entire game.
 F = Experience gained in this place divided by the number of levels of this place that you have seen.
                   A       B       C       D       E      F
               +-------+-------+-------+-------+-------+----------------------
         Total | 100.0 | 100.0 |  -nan |  -nan | 100.0 | 159.0
       Dungeon | 100.0 | 100.0 |  -nan |  -nan | 100.0 | 159.0
               +-------+-------+-------+-------+-------+----------------------
